 Dungeon Crawl Stone Soup version 0.21.2 (console) character file.

116307 toffzen the Unseen (level 16, -20/125 HPs)
             Began as a Vampire Enchanter on Oct 22, 2018.
             Was the Champion of Kikubaaqudgha.
             Demolished by a wolf spider (21 damage)
             ... on level 2 of the Spider Nest on Nov 1, 2018.
             The game lasted 02:57:04 (42521 turns).

toffzen the Unseen (Vampire Enchanter)             Turns: 42521, Time: 02:57:05

Health: -20/125    AC:  8    Str:  7    XL:     16   Next: 20%
Magic:  20/26      EV: 10    Int: 24    God:    Kikubaaqudgha [******]
Gold:   2714       SH:  0    Dex: 15    Spells: 6/28 levels left

rFire    . . .     SeeInvis +   a - +8 dagger (pain)
rCold    + + .     Gourm    .   s - +0 buckler
rNeg     + + +     Faith    .   J - +0 troll leather armour
rPois    ∞         Spirit   .   W - +0 hat
rElec    .         Reflect  .   C - +2 cloak
rCorr    .         Harm     .   (no gloves)
MR       +....                  q - +0 pair of boots
Stlth    +++++++++.             E - amulet of magic regeneration
HPRegen  0.00/turn              I - +3 ring of slaying
MPRegen  0.45/turn              T - ring of wizardry

@: very slightly contaminated, held, bloodless, non-regenerating, invisible
A: fangs 3, see invisible, unbreathing
a: Bat Form, Receive Corpses, Torment, Renounce Religion


You were on level 2 of the Spider Nest.
You worshipped Kikubaaqudgha.
Kikubaaqudgha was exalted by your worship.
You were bloodless.

You visited 5 branches of the dungeon, and saw 26 of its levels.

You collected 2854 gold pieces.
You spent 140 gold pieces at shops.

Inventory:

Hand Weapons
 a - a +8 dagger of pain (weapon)
 b - a +0 dagger of venom
Missiles
 e - 690 stones (quivered)
 K - a throwing net
Armour
 q - a +0 pair of boots (worn)
 s - a +0 buckler (worn)
 C - a +2 cloak (worn)
 J - a +0 troll leather armour (worn)
 W - a +0 hat (worn)
Magical Staves
 h - an uncursed staff of death
Jewellery
 d - a +3 ring of protection
 y - an uncursed ring of fire
 E - an amulet of magic regeneration (around neck)
 I - a +3 ring of slaying (left hand)
 T - a ring of wizardry (right hand)
 X - an uncursed amulet of regeneration {unknown}
Wands
 l - a wand of enslavement (7)
 t - a wand of disintegration (26)
 H - a wand of flame (84)
 N - a wand of acid (13)
 P - a wand of paralysis (35)
 Q - a wand of iceblast (5)
Scrolls
 f - a scroll of immolation
 g - 5 scrolls of amnesia
 i - 6 scrolls of enchant armour
 m - 3 scrolls of fog
 n - 3 scrolls of magic mapping
 p - 9 scrolls of teleportation
 r - a scroll of silence {unknown}
 v - 9 scrolls of remove curse
 G - a scroll of holy word
 R - a scroll of brand weapon
 U - a scroll of torment
Potions
 c - a potion of haste
 j - 2 potions of flight
 k - 11 potions of curing
 o - 8 potions of lignification
 u - 3 potions of mutation
 w - 4 potions of brilliance
 A - a potion of heal wounds
 B - 2 potions of cancellation
 D - a potion of magic {unknown}
 S - a potion of resistance
 V - 2 potions of agility
 Y - 2 potions of might
Books
 x - a book of Misfortune

   Spells                             Type                      Level
   a - Confusing Touch                Hexes                        1
   b - Confuse                        Hexes                        3
   c - Gell's Gravitas                Translocation                3
   d - Petrify                        Transmutation/Earth          4
   e - Metabolic Englaciation         Hexes/Ice                    5
   f - Yara's Violent Unravelling     Hexes/Transmutation          5
 z - Kikubaaqudgha's Handbook of Sinister Rituals
   (Kikubaaqudgha gifted it to you on level 7 of the Dungeon)

   Spells                             Type                      Level
   a - Pain                           Necromancy                   1
   b - Corpse Rot                     Necromancy                   2
   c - Sublimation of Blood           Necromancy                   2
   d - Vampiric Draining              Necromancy                   3
 L - Kikubaaqudgha's Tome of Evil Rituals
   (Kikubaaqudgha gifted it to you on level 10 of the Dungeon)

   Spells                             Type                      Level
   a - Animate Dead                   Necromancy                   4
   b - Excruciating Wounds            Charms/Necromancy            5
   c - Bolt of Draining               Conjuration/Necromancy       5
   d - Borgnjor's Vile Clutch         Necromancy/Earth             5
   e - Dispel Undead                  Necromancy                   5
Miscellaneous
 F - a lamp of fire
 O - a box of beasts
 Z - a phial of floods


   Skills:
 + Level 11.0 Fighting
 - Level 10.0 Short Blades
 + Level 13.1 Dodging
 + Level 18.5 Stealth
 - Level 4.4 Shields
 - Level 6.8 Spellcasting
 + Level 17.4 Hexes
 + Level 11.5 Necromancy
 - Level 4.2 Earth Magic


You had 6 spell levels left.
You knew the following spells:

 Your Spells              Type           Power        Failure   Level  Hunger
a - Corona                Hex            #######      0%          1    None
b - Ensorcelled Hibernat  Hex/Ice        ######       1%          2    None
c - Confuse               Hex            #######.     1%          3    None
d - Dazzling Spray        Conj/Hex       ######       1%          3    None
e - Tukima's Dance        Hex            #######.     1%          3    None
f - Borgnjor's Vile Clut  Necr/Erth      #####.....   4%          5    #####..
g - Metabolic Englaciati  Hex/Ice        ######....   3%          5    #####..


Dungeon Overview and Level Annotations

Branches:
Dungeon (15/15)            Temple (1/1) D:6            Lair (6/6) D:10
  Swamp (0/4) Lair:3       Spider (2/4) Lair:2        Slime (0/5) Lair:5
    Orc (2/2) D:10            Elf (0/3) Orc:2        Vaults (0/5) D:13
 Depths (0/5) D:15

Altars:
Ashenzari
Cheibriados
Dithmenos
Fedhas
Gozag
Hepliaklqana
Kikubaaqudgha
Makhleb
Nemelex Xobeh
Okawaru
Qazlal
Sif Muna
Trog
Uskayaw
Wu Jian
Xom
Yredelemnul
Zin
Beogh
Jiyva

Shops:
D:5 %   D:6 %[=:   D:11 [   Orc:1 (   Orc:2 **(=*

Annotations:
D:3 toffzen's ghost, amateur OgTm
D:7 1 exclusion
D:12 exclusion: obsidian statue


Innate Abilities, Weirdness & Mutations

You do not heal naturally.
You are immune to poison.
You have razor-sharp teeth.
You have supernaturally acute eyesight. (SInv)
You can survive without breathing.


Message History

The jumping spider barely misses you. The wolf spider hits you.
* * * LOW HITPOINT WARNING * * *
The wolf spider bites you!
* * * LOW HITPOINT WARNING * * *
The wolf spider hits you!
* * * LOW HITPOINT WARNING * * *
The wolf spider barely misses you.
The jumping spider barely misses you. x2
You are very lightly contaminated with residual magic.
You feel much better. The wolf spider barely misses you. x2
The wolf spider completely misses you. The wolf spider bites you!
* * * LOW HITPOINT WARNING * * *
The jumping spider pounces on you.
* * * LOW HITPOINT WARNING * * *
The jumping spider closely misses you. The wolf spider hits you!
* * * LOW HITPOINT WARNING * * *
The wolf spider bites you!
* * * LOW HITPOINT WARNING * * *
The wolf spider hits you!!
You die...
Kikubaaqudgha rasps: "You have failed me!
Welcome... oblivion!"

#.....###
##..#..........#..#..
##..###
#####..#.##.........
#<..#
##.^....#..##...
#..^# #..†...^.####..
##.## ##...#..## ##.
### ### #.†.†..# ##
##.###....##### #
##....#†.#....#... #
#..#.....$..........
#^..s#..........#...
##.@...........#...#
##ss$##.#.........#
#.....##s.#....##s
#.#..#......##s... .
......#.#^..........
....#.#......#. #.y#.
... . ... .#. ....
##. .. .. # .


You could see 2 wolf spiders and a jumping spider.

Vanquished Creatures
  Arachne (Spider:2)
  Frances (D:14)
  An emperor scorpion (Spider:2)
  4 entropy weavers
  Nessos (Orc:2)
  13 hydras
  A catoblepas (Lair:6)
  A death knight (D:15)
  A death yak (D:10)
  12 two-headed ogres
  2 centaur warriors (D:15)
  A queen ant (Lair:5)
  2 ogre magi (D:15)
  An orc high priest (D:10)
  A fire crab (Lair:4)
  The ghost of p0werm0de the Reanimator, a novice GnNe of Cheibriados (D:10)
  2 wizards (D:15)
  An unseen horror (D:10)
  A wolf spider zombie (D:15)
  3 orc knights (Orc:2)
  10 wolf spiders
  4 orb spiders
  3 deep elf magi
  A cyclops (D:11)
  2 manticores
  2 moths of wrath (Spider:2)
  3 orc sorcerers
  4 ugly things (D:15)
  12 elephants
  2 centaur zombies
  Maurice (D:8)
  5 black mambas
  A kobold demonologist (D:14)
  20 spiny frogs
  A rime drake (Lair:2)
  A yaktaur (D:15)
  8 komodo dragons
  6 trolls
  6 demonic crawlers
  7 meliai
  A queen bee (Lair:5)
  2 polar bears
  21 jumping spiders
  A troll (shapeshifter) (D:14)
  20 blink frogs
  3 hornets
  4 tyrant leeches (Lair:6)
  12 hippogriffs
  7 slime creatures
  32 redbacks
  9 spriggans
  A water elemental (D:12)
  9 tarantellas (Spider:1)
  A vampire (D:13)
  4 basilisks
  36 yaks
  3 wyverns
  A hungry ghost (D:12)
  6 vampire mosquitoes
  23 soldier ants (Lair:5)
  3 wargs (Orc:2)
  14 water moccasins
  A floating eye (D:9)
  11 porcupines
  5 sky beasts
  2 black bears
  28 orc warriors
  5 ice beasts
  An eye of draining (D:14)
  14 ogres
  2 necrophages (D:11)
  5 boggarts (D:15)
  3 phantoms
  16 centaurs
  6 wolves (Lair:5)
  19 crocodiles
  32 bullfrogs
  2 wyvern zombies
  5 scorpions
  5 wights
  21 killer bees
  3 electric eels
  7 howler monkeys
  The ghost of p0werm0de the Grave Robber, a weakling OpNe (D:4)
  10 crimson imps
  2 quasits
  8 orc priests
  3 centaur skeletons
  11 jellies
  9 orc wizards
  3 bullfrog skeletons
  3 gnoll shamans
  7 hounds
  3 iguanas
  A hell rat (D:10)
  28 worker ants
  A killer bee zombie (D:5)
  3 hound skeletons
  2 human simulacra (D:11)
  2 worker ant zombies
  25 gnolls
  A howler monkey skeleton (D:6)
  11 adders
  A river rat (D:10)
  5 shadow imps
  12 oozes
  2 adder zombies
  3 worms
  3 dart slugs
  7 leopard geckos
  62 orcs
  2 ball pythons
  3 giant cockroaches
  5 goblins
  8 hobgoblins
  9 jackals
  5 quokkas
  9 bats
  4 frilled lizards (D:2)
  4 kobolds
  A leopard gecko skeleton (D:5)
  5 rats
  A fungus (Lair:6)
841 creatures vanquished.

Vanquished Creatures (collateral kills)
  A wight (D:10)
1 creature vanquished.

Vanquished Creatures (others)
  5 dream sheep (Lair:1)
  A dancing weapon (D:8)
  A jelly (D:11)
  An ooze (D:11)
  2 bushes (Lair:6)
  24 fungi
  39 plants
73 creatures vanquished.

Grand Total: 915 creatures vanquished

Notes
Turn   | Place    | Note
-------+----------+-------------------------------------------
     0 | D:1      | toffzen the Vampire Enchanter began the quest for the Orb.
     0 | D:1      | Reached XP level 1. HP: 13/13 MP: 3/3
   689 | D:1      | Reached XP level 2. HP: 19/19 MP: 3/5
   696 | D:1      | Learned a level 2 spell: Ensorcelled Hibernation
  1078 | D:1      | Reached skill level 5 in Stealth
  1483 | D:2      | Reached skill level 5 in Hexes
  1714 | D:2      | Reached XP level 3. HP: 11/24 MP: 0/6
  2761 | D:2      | Found a shadowy altar of Dithmenos.
  2849 | D:2      | Learned a level 3 spell: Confuse
  3182 | D:3      | Noticed toffzen's ghost (amateur OgTm)
  3317 | D:3      | Reached XP level 4. HP: 9/30 MP: 3/8
  5480 | D:4      | Reached skill level 6 in Stealth
  5623 | D:4      | Noticed p0werm0de's ghost (weakling OpNe)
  5634 | D:4      | Killed p0werm0de's ghost
  5942 | D:4      | Reached XP level 5. HP: 35/35 MP: 5/9
  6744 | D:5      | Entered Level 5 of the Dungeon
  6762 | D:5      | Noticed a sky beast
  6914 | D:5      | Found Opiric's Food Shop.
  7005 | D:5      | Reached skill level 7 in Stealth
  7005 | D:5      | Reached XP level 6. HP: 41/41 MP: 2/11
  8321 | D:5      | Killed a sky beast
  8781 | D:5      | Found a snail-covered altar of Cheibriados.
  8840 | D:5      | Found an ornate altar of the Wu Jian Council.
  8844 | D:5      | Reached skill level 8 in Stealth
  8925 | D:5      | Reached XP level 7. HP: 43/46 MP: 6/13
  9171 | D:6      | Learned a level 3 spell: Dazzling Spray
  9175 | D:6      | Learned a level 3 spell: Tukima's Dance
  9703 | D:6      | Found a sand-covered staircase.
  9741 | D:6      | Found Qulerch's Book Shop.
  9762 | D:6      | Found Ibry's Jewellery Boutique.
  9766 | D:6      | Found Gelaec's Armour Emporium.
 10056 | D:6      | Found a stormy altar of Qazlal.
 10056 | D:6      | Found a snail-covered altar of Cheibriados.
 10056 | D:6      | Found a shimmering altar of Xom.
 10056 | D:6      | Found a sparkling altar of Nemelex Xobeh.
 10056 | D:6      | Found a shimmering altar of Xom.
 10056 | D:6      | Found a shimmering altar of Xom.
 10057 | D:6      | Found a snail-covered altar of Cheibriados.
 10058 | D:6      | Found a bloodstained altar of Trog.
 10063 | D:6      | Found a stormy altar of Qazlal.
 10063 | D:6      | Found a burning altar of Makhleb.
 10064 | D:6      | Found an iron altar of Okawaru.
 10064 | D:6      | Found a deep blue altar of Sif Muna.
 10071 | D:6      | Found a staircase to the Ecumenical Temple.
 10083 | Temple   | Entered the Ecumenical Temple
 10091 | Temple   | Became a worshipper of Kikubaaqudgha
 10143 | D:6      | Reached skill level 1 in Fighting
 10384 | D:6      | Found Tuoraud's Food Shop.
 10454 | D:7      | Reached XP level 8. HP: 55/55 MP: 15/15
 10550 | D:7      | Reached skill level 5 in Spellcasting
 10596 | D:7      | Found a shattered altar of Ashenzari.
 10601 | D:7      | Reached skill level 9 in Stealth
 11663 | D:7      | Reached * piety under Kikubaaqudgha
 11663 | D:7      | Identified Kikubaaqudgha's Handbook of Sinister Rituals (Kikubaaqudgha gifted it to you on level 7 of the Dungeon)
 11663 | D:7      | Received a gift from Kikubaaqudgha
 12220 | D:8      | Noticed a hippogriff
 12441 | D:8      | Killed a hippogriff
 12441 | D:8      | Reached XP level 9. HP: 63/63 MP: 4/17
 12820 | D:8      | Noticed Maurice
 12835 | D:8      | Killed Maurice
 12835 | D:8      | Reached skill level 10 in Stealth
 12935 | D:8      | Found a sparkling altar of Nemelex Xobeh.
 12989 | D:8      | Reached skill level 5 in Dodging
 13786 | D:9      | Reached skill level 10 in Hexes
 14250 | D:9      | Reached skill level 5 in Short Blades
 14254 | D:9      | Reached ** piety under Kikubaaqudgha
 14363 | D:9      | Reached skill level 11 in Stealth
 14418 | D:9      | Noticed a troll
 14477 | D:9      | Reached XP level 10. HP: 54/72 MP: 10/19
 15729 | D:10     | Entered Level 10 of the Dungeon
 15846 | D:10     | Found a staircase to the Orcish Mines.
 16781 | D:10     | Noticed an unseen horror
 16936 | D:10     | Reached *** piety under Kikubaaqudgha
 16936 | D:10     | Identified Kikubaaqudgha's Tome of Evil Rituals (Kikubaaqudgha gifted it to you on level 10 of the Dungeon)
 16936 | D:10     | Received a gift from Kikubaaqudgha
 17028 | D:10     | Noticed p0werm0de's ghost (novice GnNe)
 17046 | D:10     | Killed p0werm0de's ghost
 17173 | D:10     | Noticed a death yak
 17176 | D:10     | Noticed a death yak
 17181 | D:10     | Noticed a death yak
 17363 | D:10     | Found a staircase to the Lair.
 17410 | D:10     | Killed an unseen horror
 17518 | D:10     | Killed a death yak
 17518 | D:10     | Reached skill level 5 in Fighting
 17518 | D:10     | Reached skill level 1 in Necromancy
 17610 | Lair:1   | Entered Level 1 of the Lair of Beasts
 17615 | Lair:1   | Reached XP level 11. HP: 79/79 MP: 21/21
 17666 | Lair:1   | Reached skill level 12 in Stealth
 18243 | Lair:1   | Got an ichor-stained chain mail
 18885 | Lair:1   | Found a shimmering altar of Xom.
 19220 | Lair:2   | Reached **** piety under Kikubaaqudgha
 19281 | Lair:2   | Reached skill level 13 in Stealth
 19433 | Lair:2   | Noticed a five-headed hydra
 19445 | Lair:2   | Killed a five-headed hydra
 19786 | Lair:2   | Found a hole to the Spider Nest.
 20054 | Lair:2   | Reached skill level 5 in Necromancy
 20195 | Lair:2   | Reached XP level 12. HP: 89/89 MP: 22/22
 21056 | Lair:3   | Found a staircase to the Swamp.
 21228 | Lair:3   | Identified the cursed +0 chain mail of Liwneaq {MR++} (You found it on level 1 of the Lair of Beasts)
 21318 | Lair:3   | Noticed a four-headed hydra
 21323 | Lair:3   | Killed a four-headed hydra
 21398 | Lair:3   | Noticed an eight-headed hydra
 21403 | Lair:3   | Killed an eight-headed hydra
 21403 | Lair:3   | Reached skill level 14 in Stealth
 21705 | Lair:4   | Noticed a six-headed hydra
 21727 | Lair:4   | Killed a six-headed hydra
 21944 | Lair:4   | Noticed an eight-headed hydra
 21945 | Lair:4   | Noticed an eight-headed hydra
 22013 | Lair:4   | Killed an eight-headed hydra
 22283 | Lair:4   | Killed an eight-headed hydra
 23595 | Lair:5   | Reached skill level 10 in Dodging
 23622 | Lair:5   | Noticed a seven-headed hydra
 23624 | Lair:5   | Noticed a four-headed hydra
 23653 | Lair:5   | Killed a four-headed hydra
 23653 | Lair:5   | Reached XP level 13. HP: 90/98 MP: 13/23
 24088 | Lair:5   | Reached ***** piety under Kikubaaqudgha
 24088 | Lair:5   | Reached skill level 15 in Stealth
 24258 | Lair:5   | Found a viscous altar of Jiyva.
 24454 | Lair:5   | Noticed an entropy weaver
 24458 | Lair:5   | Noticed an entropy weaver
 24477 | Lair:5   | Found a staircase to the Slime Pits.
 24780 | Lair:5   | Killed an entropy weaver
 25038 | Lair:5   | Killed an entropy weaver
 26488 | Lair:6   | Entered Level 6 of the Lair of Beasts
 26616 | Lair:5   | Reached ****** piety under Kikubaaqudgha
 26916 | Lair:5   | Reached skill level 15 in Hexes
 27246 | Lair:5   | Reached skill level 16 in Stealth
 27707 | Lair:5   | Reached XP level 14. HP: 108/108 MP: 24/24
 31244 | D:11     | Found Ofopp's Antique Armour Boutique.
 31276 | D:11     | Found an iron altar of Okawaru.
 32771 | D:12     | Found an opulent altar of Gozag.
 32826 | D:12     | Learned a level 5 spell: Borgnjor's Vile Clutch
 33648 | D:13     | Reached skill level 17 in Stealth
 33654 | D:13     | Reached skill level 10 in Necromancy
 34041 | D:13     | Found a gate to the Vaults.
 34967 | D:14     | Noticed Frances
 34970 | D:14     | Killed Frances
 34970 | D:14     | Reached skill level 10 in Fighting
 35300 | D:15     | Entered Level 15 of the Dungeon
 35306 | D:15     | Found a stormy altar of Qazlal.
 35339 | D:14     | Reached skill level 1 in Earth Magic
 35423 | D:15     | Reached XP level 15. HP: 115/115 MP: 25/25
 36552 | D:15     | Found a staircase to the Depths.
 36979 | Orc:1    | Entered Level 1 of the Orcish Mines
 37708 | Orc:1    | Found a roughly hewn altar of Beogh.
 37830 | Orc:1    | Found Apaarch's Weapon Emporium.
 37953 | Orc:2    | Entered Level 2 of the Orcish Mines
 37953 | Orc:2    | Found a staircase to the Elven Halls.
 37968 | Orc:2    | Paralysed by an orc sorcerer for 3 turns
 38399 | Orc:2    | Found Quijumn's Assorted Antiques.
 38413 | Orc:2    | Bought a potion of heal wounds for 140 gold pieces
 38566 | Orc:2    | Reached skill level 10 in Short Blades
 38739 | Orc:2    | Noticed Nessos
 38745 | Orc:2    | Killed Nessos
 39455 | Orc:2    | Found Meexzyrgh's General Store.
 39455 | Orc:2    | Found Wouddeq's Weapon Emporium.
 39457 | Orc:2    | Found Laeg's Jewellery Shoppe.
 39459 | Orc:2    | Found Iblelax's General Store.
 39512 | Orc:1    | Identified a +3 dagger of pain (a +1 dagger bloodied by Kikubaaqudgha)
 39512 | Orc:1    | Received a gift from Kikubaaqudgha
 39655 | Orc:1    | Learned a level 5 spell: Metabolic Englaciation
 39799 | Spider:1 | Entered Level 1 of the Spider Nest
 41124 | Spider:1 | Reached skill level 18 in Stealth
 42191 | Spider:2 | Reached XP level 16. HP: 114/124 MP: 7/26
 42225 | Spider:2 | Noticed Arachne
 42247 | Spider:2 | Killed Arachne
 42521 | Spider:2 | HP: 1/125 [wolf spider (12)]
 42521 | Spider:2 | Demolished by a wolf spider

Skill      XL: |  1  2  3  4  5  6  7  8  9 10 11 12 13 14 15 16 |
---------------+-------------------------------------------------+-----
Stealth        | 5 6 7 8 9 11 13 14 16 17 18 | 18.5
Hexes          | 5 6 7 8 9 10 11 12 14 15 16 17 | 17.4
Spellcasting   | 3 4 5 6 |  6.8
Fighting       | 1 3 4 5 6 8 9 10 11 | 11.0
Short Blades   | 2 3 5 6 7 9 10 | 10.0
Dodging        | 3 4 6 7 8 10 11 12 13 | 13.1
Shields        | 4 |  4.4
Necromancy     | 1 5 7 8 10 11 | 11.5
Earth Magic    | 1 4 |  4.2

Action                   |  1- 3 |  4- 6 |  7- 9 | 10-12 | 13-15 | 16-18 || total
-------------------------+-------+-------+-------+-------+-------+-------++-------
Melee: Dagger            |   123 |   109 |   234 |   361 |   954 |    54 ||  1835
       Bite              |     7 |     7 |    17 |    32 |    76 |     4 ||   143
Throw: Stone             |       |     2 |       |    10 |    72 |       ||    84
 Cast: Corona            |     6 |     1 |       |       |     7 |       ||    14
       Ensorcelled Hiber |    28 |    35 |    75 |   121 |   554 |    16 ||   829
       Confuse           |     3 |    13 |    43 |    79 |   177 |     9 ||   324
       Tukima's Dance    |       |       |     1 |     1 |     2 |       ||     4
       Dazzling Spray    |       |       |       |    19 |    78 |     6 ||   103
       Metabolic Englaci |       |       |       |       |     3 |     2 ||     5
       Borgnjor's Vile C |       |       |       |       |     1 |       ||     1
Invok: Brand Weapon With |       |       |       |       |     1 |       ||     1
 Abil: End Transformatio |       |       |     2 |     6 |     8 |       ||    16
       Bat Form          |       |       |     2 |     6 |     8 |       ||    16
Evoke: Wand              |       |     4 |     1 |     3 |       |       ||     8
  Use: Potion            |     2 |     9 |     4 |     8 |    15 |     4 ||    42
       Scroll            |     2 |     3 |    12 |     9 |    16 |     1 ||    43
 Stab: Sleeping          |    24 |    35 |    62 |   103 |   364 |    10 ||   598
       Confused          |     1 |     8 |    27 |    45 |   103 |    12 ||   196
       Invisible         |       |       |       |     8 |    12 |     2 ||    22
       Distracted        |       |       |       |       |     1 |       ||     1
Armor: Robe              |    11 |    15 |     6 |     5 |       |       ||    37
       Troll leather arm |       |       |       |    36 |   125 |    18 ||   179
Dodge: Dodged            |    76 |    46 |    91 |   164 |   653 |    60 ||  1090
Block: Buckler           |       |       |       |    32 |   184 |     7 ||   223
